 Dungeon Crawl Stone Soup version 0.31-a0-1626-g5cb510d322 (webtiles) character file.

Game seed: 6221764977233978363

18812 kae the Destroyer (level 12, -3/77 HPs)
             Began as a Tengu Fire Elementalist on Jan 12, 2024.
             Was an Initiate of Vehumet.
             Slain by a phantasmal warrior (29 damage)
             ... led by a death knight
             ... on level 13 of the Dungeon.
             The game lasted 00:15:04 (13730 turns).

kae the Destroyer (Tengu Fire Elementalist)        Turns: 13730, Time: 00:15:05

Health: -3/77      AC: 12    Str: 10    XL:     12   Next: 62%
Magic:  7/24       EV: 13    Int: 20    God:    Vehumet [......]
Gold:   1226       SH: 10    Dex: 14    Spells: 8/25 levels left

rFire   + . .        f - +4 whip (venom)
rCold   x . .        w - +0 buckler
rNeg    . . .        Q - +3 scale mail {rPois}
rPois   +            (helmet restricted)
rElec   .            u - +0 cloak
rCorr   .            v - +0 pair of gloves
SInv    .            (boots unavailable)
Will    +....        b - amulet of reflection
Stlth   +            h - ring of willpower
HPRegen 0.32/turn    F - ring of fire
MPRegen 0.19/turn

%: random rage (3%), reflection, acrobat
@: weak-willed, on berserk cooldown, flying, slowed, very slow
A: beak, talons 3, evasive flight, acrobatic, berserk 1, strong-willed 1,
mutation resistance 1
a: Renounce Religion


You were on level 13 of the Dungeon.
You worshipped Vehumet.
Vehumet was noncommittal.
You visited 2 branches of the dungeon, and saw 14 of its levels.

You collected 1226 gold pieces.


Innate Abilities, Weirdness & Mutations

You have a beak for a mouth.
You have claws for feet.
Your magical flight helps you evade attacks. (EV +4)
You can magically evade attacks while moving or waiting.
You sometimes lose your temper in combat.
You are strong-willed. (Will+)
You are somewhat resistant to further mutation.


   Skills:
 - Level 10.0 Fighting
 - Level 5.0 Armour
 - Level 5.0 Dodging
 - Level 2.0 Stealth
 - Level 5.0 Shields
 + Level 7.4 Spellcasting
 - Level 10.1 Conjurations
 - Level 10.0 Fire Magic
 - Level 5.0 Alchemy
 - Level 6.0 Evocations


You had 8 spell levels left.
You knew the following spells:

 Your Spells              Type           Power      Damage    Failure   Level
a - Foxfire               Conj/Fire      100%       2x1d9     1%          1
b - Scorch                Fire           100%       2d9       1%          2
c - Inner Flame           Hex/Fire       41%        N/A       28%         3
d - Flame Wave            Conj/Fire      64%        2d15      12%         4
e - Volatile Blastmotes   Fire/Tloc      82%        2d16      28%         3
f - Sticky Flame          Fire/Alch      54%        2d10      34%         4

Your spell library contained the following spells:

 Spells                   Type           Power      Damage    Failure   Level
 Momentum Strike          Conj/Tloc      54%        3d9       14%         2
 Slow                     Hex            28%        N/A       58%         1
 Irradiate                Conj/Alch      18%        3d17      67%         5
 Blink                    Tloc           14%        N/A       75%         2
 Ensorcelled Hibernation  Hex/Ice        14%        N/A       75%         2
 Lesser Beckoning         Tloc           14%        N/A       75%         2
 Sublimation of Blood     Necr           7%         N/A       75%         2
 Confusing Touch          Hex            7%         N/A       92%         3
 Fugue of the Fallen      Necr           7%         N/A       92%         3
 Gell's Gravitas          Tloc           7%         N/A       92%         3
 Ozocubu's Armour         Ice            7%         N/A       92%         3
 Sigil of Binding         Hex            7%         N/A       92%         3
 Teleport Other           Tloc           7%         N/A       92%         3
 Vampiric Draining        Necr           7%         2d6       92%         3
 Petrify                  Alch/Erth      17%        N/A       95%         4
 Anguish                  Hex/Necr       3%         N/A       100%        4
 Metabolic Englaciation   Hex/Ice        3%         N/A       100%        5
 Dispersal                Tloc           3%         N/A       100%        6
 Sculpt Simulacrum        Ice/Alch       8%         N/A       100%        6

Inventory:

Hand Weapons
 e - a +0 short sword
   (You took it off a kobold on level 1 of the Dungeon)
 f - a +4 whip of venom (weapon)
   (You found it on level 1 of the Dungeon)
Missiles
 n - 90 stones
 p - 8 poisoned darts
 t - 16 boomerangs
 L - 2 curare-tipped darts {=f}
Armour
 a - a +0 robe
 u - a +0 cloak (worn)
   (You found it on level 4 of the Dungeon)
 v - a +0 pair of gloves (worn)
   (You found it on level 2 of the Dungeon)
 w - a +0 buckler (worn)
   (You took it off a gnoll sergeant on level 5 of the Dungeon)
 Q - a +3 scale mail of poison resistance (worn)
   (You found it on level 9 of the Dungeon)
Magical Staves
 i - a staff of alchemy {!a}
   (You found it on level 2 of the Dungeon)
 N - a staff of earth {!a}
   (You found it on level 7 of the Dungeon)
 P - a staff of death {!a}
   (You found it on level 9 of the Dungeon)
Jewellery
 b - an amulet of reflection (around neck)
   (You found it on level 1 of the Dungeon)
 c - a ring of protection from cold
   (You found it on level 5 of the Dungeon)
 h - a ring of willpower (left hand)
   (You found it on level 4 of the Dungeon)
 A - an amulet of the acrobat
   (You found it on level 2 of the Dungeon)
 C - a ring of protection from cold
   (You found it on level 5 of the Dungeon)
 E - a +5 ring of evasion
   (You found it on level 9 of the Dungeon)
 F - a ring of fire (right hand)
   (You found it on level 6 of the Dungeon)
Wands
 d - a wand of iceblast (10)
   (You found it on level 3 of the Dungeon)
 o - a wand of flame (30)
   (You took it off Grum on level 5 of the Dungeon)
 y - a wand of mindburst (14)
   (You found it on level 6 of the Dungeon)
 J - a wand of polymorph (13)
   (You found it on level 8 of the Dungeon)
 O - a wand of digging (5)
   (You found it on level 9 of the Dungeon)
 U - a wand of charming (5)
   (You found it on level 13 of the Dungeon)
Scrolls
 g - 7 scrolls of identify {@r1}
 k - 2 scrolls of silence {!r}
 m - 5 scrolls of teleportation {@r4}
 q - a scroll of fog
 s - a scroll of fear
 G - 2 scrolls of revelation
 K - 2 scrolls of vulnerability {!r!r}
 R - 2 scrolls of butterflies
 S - a scroll of torment {!r}
 V - a scroll of enchant armour {unknown}
Potions
 j - 6 potions of enlightenment
 l - 3 potions of mutation {!q}
 r - 4 potions of heal wounds {@q2}
 x - 2 potions of berserk rage {!q}
 z - 2 potions of haste {@q3}
 B - 2 potions of lignification {!q}
 D - a potion of resistance
 H - 3 potions of curing {@q1}
 I - 2 potions of attraction {!q}
 M - a potion of degeneration {!q}
 T - a potion of magic

Dungeon Overview and Level Annotations

Branches:
Dungeon (13/15) Zot: 26295  Temple (1/1) D:5 Zot: 5980    Lair (0/5) D:11
    Orc (0/2) D:12         Vaults (0/5) D:13

Altars:
Ashenzari
Cheibriados
Dithmenos
Elyvilon
Fedhas
Gozag
Hepliaklqana
Kikubaaqudgha
Makhleb
Nemelex Xobeh
Okawaru
Qazlal
Ru
Sif Muna
Trog
Uskayaw
Vehumet
Wu Jian
Xom
Yredelemnul
Zin
The Shining One
Lugonu

Shops:
D:8 (   D:10 =   D:12 :

Annotations:
D:7 2 transporters

.##.########
......ยงW@W.#
###.######.#
...# #.# ...
#..# #.# ...
#..# #.# >.
#..# #.# ..
#..# #.# .#
###..# #.# .#
###...## #.#


You could see 2 phantasmal warriors.


Message History

You whack the death knight!
The death knight looks as sick as possible!
Your kick misses the death knight.
You peck the death knight, but do no damage.
The death knight misses you.
The phantasmal warrior closely misses you.
Unknown command.
You hit the phantasmal warrior. You claw the phantasmal warrior!
You are no longer berserk.
You are exhausted.
You feel as though you will be slow longer.
The death knight mumbles some strange prayers to Yredelemnul against you.
You resist with almost no effort.
The phantasmal warrior completely misses you. ๐Ÿ˜จ HP[-16]
You now have 77 max hp (-38).
You closely miss the death knight.
You claw the death knight, but do no damage.
You peck the death knight, but do no damage.
You kill the death knight!
Vehumet accepts your kill. The phantasmal warrior gestures at you.
The phantasmal warrior blinks!
The phantasmal warrior closely misses you.
You block the phantasmal warrior's attack.
You block the wraith's attack. The phantasmal warrior gestures at you.
The phantasmal warrior blinks! ๐Ÿ˜จ HP[+1] MP[+1] Unknown command.
Casting: Scorch (safe; 1% risk of failure)
Confirm with . or Enter, or press ? or * to list all spells.
Casting: Flame Wave (dangerous; 12% risk of failure)
Press: ? - help, Dir - look around, f - activate You feel a surge of power!
A wave of flame ripples out!
The flame wave engulfs the wraith!
You destroy the wraith!
Vehumet accepts your kill.
The flame wave engulfs the phantasmal warrior! (Press . to intensify the flame waves.)
You block the phantasmal warrior's attack.
The phantasmal warrior gestures at you.
The phantasmal warrior blinks! ๐Ÿ˜จ MP[-4]
You lost 4 mp, and now have 16/24 mp.
A wave of flame ripples out!
The flame wave engulfs the phantasmal warrior but does no damage.
The flame wave engulfs the phantasmal warrior. x2
The phantasmal warrior misses you. The phantasmal warrior gestures at you.
The phantasmal warrior blinks!
You block the phantasmal warrior's attack.
The phantasmal warrior closely misses you. ๐Ÿ˜จ HP[+1] MP[-1]
You lost 1 mp, and now have 15/24 mp.
A wave of flame ripples out!
The flame wave engulfs the phantasmal warrior! x3
You finish channelling waves of flame.
You block the phantasmal warrior's attack. x2
Casting: Flame Wave (dangerous; 12% risk of failure)
Confirm with . or Enter, or press ? or * to list all spells.
Casting: Flame Wave (dangerous; 12% risk of failure)
Press: ? - help, Dir - look around, f - activate You feel a surge of power!
A wave of flame ripples out!
The flame wave engulfs the phantasmal warrior!
The flame wave engulfs the phantasmal warrior!! (Press . to intensify the flame waves.)
The phantasmal warrior closely misses you.
The phantasmal warrior gestures at you.
The phantasmal warrior blinks!
You block the phantasmal warrior's attack.
The phantasmal warrior hits you.
* * * LOW HITPOINT WARNING * * *
Your willpower is stripped away!
The phantasmal warrior hits you!!
* * * LOW HITPOINT WARNING * * *
๐Ÿ˜ฑ HP[-33] MP[-4]
You take 33 damage, and now have 1/77 hp.
MASSIVE DAMAGE!! (PAUSE)
You lost 4 mp, and now have 11/24 mp.
Unknown command.
Unknown command.
Unknown command.
You feel much better. The phantasmal warrior misses you.
The phantasmal warrior gestures at you.
The phantasmal warrior blinks!
The phantasmal warrior misses you. ๐Ÿ˜จ HP[+24]
You regained 24 hp, and now have 25/77 hp.
Casting: Flame Wave (dangerous; 12% risk of failure)
Confirm with . or Enter, or press ? or * to list all spells.
Casting: Flame Wave (dangerous; 12% risk of failure)
Press: ? - help, Dir - look around, f - activate You feel a surge of power!
A wave of flame ripples out!
The flame wave engulfs the phantasmal warrior.
The flame wave engulfs the phantasmal warrior!
You destroy the phantasmal warrior!
Vehumet accepts your kill. (Press . to intensify the flame waves.)
You block the phantasmal warrior's attack.
The phantasmal warrior hits you!!
You die...

Skill      XL: |  1  2  3  4  5  6  7  8  9 10 11 12 |
---------------+-------------------------------------+-----
Conjurations   | 2 3 4 5 6 7 9 10 | 10.1
Fire Magic     | 4 5 6 7 8 10 | 10.0
Spellcasting   | 3 4 6 7 |  7.4
Fighting       | 4 7 9 10 | 10.0
Armour         | 5 |  5.0
Dodging        | 5 |  5.0
Evocations     | 2 6 |  6.0
Shields        | 2 5 |  5.0
Alchemy        | 2 5 |  5.0
Stealth        | |  2.0

Action                     |  1- 3 |  4- 6 |  7- 9 | 10-12 || total
---------------------------+-------+-------+-------+-------++-------
  Melee: Unarmed           |     3 |       |       |       ||     3
         Peck              |     6 |     1 |    14 |    22 ||    43
         Kick              |     6 |       |    27 |    24 ||    57
         Short sword       |    12 |       |       |       ||    12
         Whip              |    29 |     5 |    82 |    73 ||   189
   Cast: Foxfire           |    30 |    68 |   124 |   187 ||   409
         Scorch            |       |    12 |    44 |    56 ||   112
         Flame Wave        |       |       |    10 |    30 ||    40
         Volatile Blastmot |       |       |     1 |     1 ||     2
         Inner Flame       |       |       |       |     1 ||     1
    Use: Scroll            |     5 |     3 |     6 |     7 ||    21
         Potion            |     2 |     2 |     3 |     1 ||     8
   Stab: Sleeping          |     1 |       |       |       ||     1
 Armour: Robe              |    25 |     4 |    68 |    19 ||   116
         Skin              |       |    13 |    11 |       ||    24
         Scale mail        |       |       |       |   111 ||   111
  Dodge: Dodged            |    34 |    22 |   131 |   183 ||   370
  Block: Other             |     4 |     4 |    20 |       ||    28
         Reflection        |       |     1 |     2 |    11 ||    14
         Buckler           |       |       |    33 |   146 ||   179

Levels and vault maps discovered:
D:1:      dpeg_arrival_three_bigger_balls, layout_basic
D:2:      layout_loops_ring, moated_statue, minmay_shallow_snake_nest
D:3:      layout_rooms, serial_curves, eino_curves_04, eino_curves_03,
          nicolae_ecumenical_pavilion
D:4:      layout_basic, mainiacjoe_overflow_paths, nemelex_spade_bored_becter,
          mainiacjoe_overflow_catwalk_spiral, nicolae_figureground_sparkle
D:5:      layout_cave_pools, minmay_temple_entry_slanted, serial_gnoll_camp,
          gnoll_camp_mini_hut, gnoll_camp_mini_doghouse, gnoll_camp_mini_house,
          grums_kennel, gnoll_camp_mini_hut, uniq_sigmund
D:6:      layout_cave_pods
D:7:      gammafunk_corrupted_shrine, layout_loops_cross, dk_vineyard_2
D:8:      layout_loops_ring, amcnicky_altar_gilded, serial_shops,
          nicolae_shop_tiny_statue_garden, serial_library_hellmonk_u_bend,
          uniq_pikel
D:9:      layout_loops_ring
D:10:     layout_basic, vehumet_statue, serial_shops, nicolae_shop_hallway_plus,
          serial_glass, glass_columns_a, glass_columns_a, uniq_lodul
D:11:     layout_rooms, erik_lair_orcish_takeover
D:12:     layout_roguey, orc_0_dummy, hangedman_decor_clover_reticule,
          nicolae_shop_vocational
D:13:     layout_basic, david_vaults_1
Temple:   regret_index_temple_sphere_string

Notes
Turn   | Place    | Note
-------+----------+-------------------------------------------
     0 | D:1      | kae the Tengu Fire Elementalist began the quest for the
                  | Orb.
     0 | D:1      | Reached XP level 1. HP: 10/10 MP: 4/4
     0 | D:1      | magus.rc [v1.11.3]
   119 | D:1      | Reached skill level 2 in Conjurations
   119 | D:1      | Reached XP level 2. HP: 15/15 MP: 3/6
   705 | D:2      | You pick up a book of Spatial Translocations and begin
                  | reading...
   705 | D:2      | You add the spells Blink, Momentum Strike and Lesser
                  | Beckoning to your library.
   765 | D:2      | Reached XP level 3. HP: 5/19 MP: 7/7
   961 | D:2      | Reached skill level 3 in Conjurations
   961 | D:2      | Reached skill level 4 in Fire Magic
  1046 | D:2      | You pick up a book of Dreams and begin reading...
  1046 | D:2      | You add the spells Ensorcelled Hibernation, Fugue of the
                  | Fallen and Anguish to your library.
  1344 | D:2      | Learned a level 2 spell: Scorch
  1348 | D:2      | Learned a level 3 spell: Inner Flame
  1392 | D:3      | Found a faded altar of an unknown god.
  1433 | D:3      | HP: 2/19 [hound (5)]
  1440 | D:3      | Reached XP level 4. HP: 19/24 MP: 8/8
  2237 | D:4      | Reached skill level 4 in Conjurations
  2237 | D:4      | Reached XP level 5. HP: 28/28 MP: 3/10
  2367 | D:4      | Found a glowing silver altar of Zin.
  2376 | D:4      | Found a shadowy altar of Dithmenos.
  2464 | D:4      | Found a sparkling altar of Nemelex Xobeh.
  2613 | D:4      | Found an iron altar of Okawaru.
  2982 | D:4      | Reached skill level 3 in Spellcasting
  2982 | D:4      | Reached skill level 5 in Fire Magic
  3007 | D:4      | Reached skill level 5 in Conjurations
  3007 | D:4      | Reached XP level 6. HP: 32/32 MP: 4/11
  3118 | D:4      | You pick up a book of Winter and begin reading...
  3118 | D:4      | You add the spells Ozocubu's Armour, Metabolic Englaciation
                  | and Sculpt Simulacrum to your library.
  3265 | D:5      | Entered Level 5 of the Dungeon
  3271 | D:5      | Learned a level 4 spell: Flame Wave
  3275 | D:5      | Noticed a hornet
  3285 | D:5      | HP: 5/48 [hornet (8)]
  3287 | D:5      | Killed a hornet
  3288 | D:5      | Reached skill level 6 in Conjurations
  3288 | D:5      | Reached skill level 6 in Fire Magic
  3288 | D:5      | Gained mutation: Your magical flight helps you evade
                  | attacks. (EV +4) [Tengu growth]
  3288 | D:5      | Reached XP level 7. HP: 6/36 MP: 1/13
  3295 | D:5      | Gained mutation: You are somewhat resistant to further
                  | mutation. [potion of mutation]
  3295 | D:5      | Gained mutation: You sometimes lose your temper in combat.
                  | [potion of mutation]
  3295 | D:5      | Gained mutation: You are strong-willed. (Will+) [potion of
                  | mutation]
  3300 | D:5      | HP: 6/54 [wolf (4)]
  3323 | D:5      | HP: 4/36 [hound (5)]
  3324 | D:5      | HP: 1/36 [gnoll/+0 spear (3)]
  3488 | D:5      | Noticed Grum
  3493 | D:5      | Killed Grum
  3494 | D:5      | Reached skill level 4 in Spellcasting
  3494 | D:5      | Reached skill level 7 in Conjurations
  3553 | D:5      | Reached skill level 7 in Fire Magic
  3553 | D:5      | Reached XP level 8. HP: 33/41 MP: 8/15
  3669 | D:5      | Noticed Sigmund
  3686 | D:5      | Killed Sigmund
  3687 | D:5      | Reached skill level 8 in Conjurations
  3945 | D:5      | Reached skill level 8 in Fire Magic
  4182 | D:5      | HP: 4/41 [sleepcap (20)]
  4326 | D:5      | Found a staircase to the Ecumenical Temple.
  4340 | D:5      | Reached skill level 9 in Conjurations
  4347 | Temple   | Entered the Ecumenical Temple
  4450 | D:5      | Reached XP level 9. HP: 40/45 MP: 10/17
  4458 | D:5      | Reached skill level 5 in Spellcasting
  5306 | D:6      | Reached skill level 10 in Conjurations
  5306 | D:6      | Reached skill level 9 in Fire Magic
  5324 | D:6      | Identified the +3 falchion "Pagaud" {heavy, Int+4 Dex+2}
  5355 | D:6      | Learned a level 3 spell: Volatile Blastmotes
  5957 | D:6      | HP: 10/45 [black bear (3)]
  6242 | D:7      | Found a transporter.
  6244 | D:7      | Found a corrupted altar of Lugonu.
  6244 | D:7      | Noticed an ancient zyme
  6245 | D:7      | Noticed a white ugly thing
  6299 | D:7      | You pick up a book of Transmutation and begin reading...
  6299 | D:7      | You add the spells Sublimation of Blood, Petrify and
                  | Irradiate to your library.
  6473 | D:7      | You add the spells Gell's Gravitas, Teleport Other and
                  | Dispersal to your library.
  6527 | D:7      | Reached skill level 10 in Fire Magic
  6601 | D:7      | You pick up a book of Debilitation and begin reading...
  6601 | D:7      | You add the spells Slow, Sigil of Binding, Vampiric
                  | Draining and Confusing Touch to your library.
  6668 | D:7      | Reached skill level 6 in Spellcasting
  6732 | D:7      | Reached skill level 1 in Fighting
  7078 | D:7      | Found a transporter.
  7196 | D:8      | Reached skill level 2 in Fighting
  7300 | D:8      | Noticed a hornet
  7308 | D:8      | Killed a hornet
  7309 | D:8      | Reached skill level 3 in Fighting
  7433 | D:8      | Found Silefusu's Weapon Shop.
  7470 | D:8      | Found a basalt altar of Yredelemnul.
  7558 | D:8      | You pick up a book of Flames and begin reading...
  7743 | D:8      | Reached skill level 4 in Fighting
  7743 | D:8      | Reached XP level 10. HP: 25/58 MP: 13/20
  7746 | D:8      | Reached skill level 5 in Fighting
  8011 | D:8      | Noticed Pikel
  8015 | D:8      | Killed Pikel
  8016 | D:8      | Reached skill level 6 in Fighting
  8162 | D:9      | Reached skill level 1 in Armour
  8171 | D:9      | Reached skill level 3 in Dodging
  8227 | D:9      | Reached skill level 2 in Armour
  8438 | D:9      | Reached skill level 7 in Fighting
  8615 | D:9      | Reached skill level 3 in Armour
  8710 | D:9      | Reached skill level 4 in Dodging
  9257 | D:10     | Entered Level 10 of the Dungeon
  9272 | D:10     | Noticed Lodul
  9280 | D:10     | Reached skill level 4 in Armour
  9281 | D:10     | Reached skill level 5 in Dodging
  9284 | D:10     | Reached skill level 5 in Armour
  9286 | D:10     | Killed Lodul
  9287 | D:10     | Reached skill level 2 in Evocations
  9287 | D:10     | Reached XP level 11. HP: 23/67 MP: 0/21
  9292 | D:10     | Noticed a two-headed ogre
  9537 | D:10     | Killed a two-headed ogre
  9538 | D:10     | Reached skill level 3 in Evocations
  9646 | D:10     | Found Kankuz's Jewellery Shop.
  9891 | D:10     | Reached skill level 8 in Fighting
 10439 | D:10     | Noticed a two-headed ogre
 10450 | D:10     | Killed a two-headed ogre
 10451 | D:10     | Reached skill level 4 in Evocations
 10587 | D:10     | Noticed a two-headed ogre
 10596 | D:10     | Killed a two-headed ogre
 10692 | D:10     | Found a radiant altar of Vehumet.
 10903 | D:11     | Reached skill level 5 in Evocations
 11121 | D:11     | Reached skill level 9 in Fighting
 11404 | D:11     | Noticed a manticore
 11414 | D:11     | Killed a manticore
 11482 | D:11     | Found a staircase to the Lair.
 11677 | D:12     | Learned a level 4 spell: Sticky Flame
 11688 | D:12     | Noticed a manticore
 11704 | D:12     | Killed a manticore
 11800 | D:12     | Reached skill level 1 in Shields
 11800 | D:12     | Reached skill level 6 in Evocations
 11801 | D:12     | Reached skill level 1 in Alchemy
 11885 | D:12     | Reached skill level 2 in Shields
 12024 | D:12     | Found Bytiatees's Vocational Training.
 12098 | D:10     | Noticed a two-headed ogre
 12111 | D:10     | Killed a two-headed ogre
 12112 | D:10     | Reached skill level 2 in Alchemy
 12487 | D:10     | Became a worshipper of Vehumet
 12737 | D:12     | Found a staircase to the Orcish Mines.
 12761 | D:12     | Reached XP level 12. HP: 69/77 MP: 15/22
 13078 | D:13     | Noticed a two-headed ogre
 13093 | D:13     | Killed a two-headed ogre
 13094 | D:13     | Reached skill level 10 in Fighting
 13094 | D:13     | Reached skill level 3 in Shields
 13094 | D:13     | Reached skill level 3 in Alchemy
 13174 | D:13     | Noticed a centaur warrior
 13184 | D:13     | Killed a centaur warrior
 13190 | D:13     | Reached skill level 4 in Shields
 13227 | D:13     | Noticed a two-headed ogre
 13235 | D:13     | Killed a two-headed ogre
 13236 | D:13     | Reached skill level 4 in Alchemy
 13395 | D:13     | Noticed a two-headed ogre
 13401 | D:13     | Killed a two-headed ogre
 13402 | D:13     | Reached skill level 5 in Shields
 13407 | D:13     | Reached skill level 5 in Alchemy
 13497 | D:13     | Found a gate to the Vaults.
 13558 | D:13     | Noticed an eight-headed hydra
 13566 | D:13     | Killed an eight-headed hydra
 13567 | D:13     | Reached skill level 7 in Spellcasting
 13707 | D:13     | Noticed a death knight
 13724 | D:13     | Killed a death knight
 13728 | D:13     | HP: 1/77 [phantasmal warrior[a death knight] (29)]
 13730 | D:13     | Slain by a phantasmal warrior

Vanquished Creatures
  A hydra (D:13)
  A death knight (D:13)
  A centaur warrior (D:13)
  7 two-headed ogres
  Lodul (D:10)
  An arcanist (D:13)
  A phantasmal warrior (D:13)
  Pikel (D:8)
  A deep elf zephyrmancer (D:13)
  A cyclops (D:13)
  2 manticores
  A gargoyle (D:12)
  An unseen horror (D:12)
  A komodo dragon (D:12)
  3 trolls
  2 hornets
  2 wraiths
  Sigmund (D:5)
  A shadow (D:10)
  A wyvern (D:9)
  9 yaks
  4 vampire mosquitoes (D:12)
  A warg (D:11)
  Grum (D:5)
  2 acid dragons
  5 orc warriors
  A sky beast (D:7)
  3 black bears
  9 ogres
  5 wolves
  7 centaurs
  2 kobold brigands
  3 bullfrogs
  2 scorpions
  2 gnoll sergeants (D:5)
  7 wights
  4 killer bees (D:9)
  2 electric eels (D:10)
  3 howler monkeys
  A bombardier beetle (D:4)
  12 hounds
  4 orc priests
  3 gnoll boudas
  2 sleepcaps (D:5)
  8 orc wizards
  6 iguanas
  A statue (D:10)
  18 gnolls
  5 adders
  A shadow imp (D:7)
  2 white imps
  2 ufetubi (D:7)
  2 ribbon worms
  2 dart slugs
  29 orcs
  4 bats
  5 endoplasms
  3 giant cockroaches
  5 goblins
  6 hobgoblins
  A jackal (D:5)
  5 quokkas
  7 ball pythons
  A frilled lizard (D:3)
  17 kobolds
  A rat (D:2)
256 creatures vanquished.

Vanquished Creatures (others)
  694 foxfires
694 creatures vanquished.

Grand Total: 950 creatures vanquished

Table legend:
 A = Non-vault XP
 B = Vault XP
 C = Vault XP percentage of total XP
 D = Non-vault monster count
 E = Vault monster count
 F = Vault count percentage of total count
                 A         B        C        D         E       F
            +---------+---------+-------+---------+---------+-------
      Total |   19701 |    7808 |  28.4 |     206 |      50 |  19.5
            +---------+---------+-------+---------+---------+-------
        D:1 |      26 |       0 |   0.0 |      15 |       0 |   0.0
        D:2 |      28 |      15 |  34.9 |       7 |       2 |  22.2
        D:3 |      85 |       0 |   0.0 |      18 |       0 |   0.0
        D:4 |     282 |       0 |   0.0 |      16 |       0 |   0.0
        D:5 |     807 |    1394 |  63.3 |      20 |      23 |  53.5
        D:6 |     752 |       0 |   0.0 |      16 |       0 |   0.0
        D:7 |     735 |       0 |   0.0 |      27 |       0 |   0.0
        D:8 |    1218 |     617 |  33.6 |      12 |       1 |   7.7
        D:9 |    1975 |       0 |   0.0 |      27 |       0 |   0.0
       D:10 |    4611 |    1747 |  27.5 |      16 |      10 |  38.5
       D:11 |    1381 |     545 |  28.3 |      11 |       8 |  42.1
       D:12 |    2531 |       0 |   0.0 |       9 |       0 |   0.0
       D:13 |    5270 |    3490 |  39.8 |      12 |       6 |  33.3
            +---------+---------+-------+---------+---------+-------

Skill      XL: |  1  2  3  4  5  6  7  8  9 10 11 12 |
---------------+-------------------------------------+-----
Conjurations   | 2 3 4 5 6 7 9 10 | 10.1
Fire Magic     | 4 5 6 7 8 10 | 10.0
Spellcasting   | 3 4 6 7 |  7.4
Fighting       | 4 7 9 10 | 10.0
Armour         | 5 |  5.0
Dodging        | 5 |  5.0
Evocations     | 2 6 |  6.0
Shields        | 2 5 |  5.0
Alchemy        | 2 5 |  5.0
Stealth        | |  2.0

Action                     |  1- 3 |  4- 6 |  7- 9 | 10-12 || total
---------------------------+-------+-------+-------+-------++-------
  Melee: Unarmed           |     3 |       |       |       ||     3
         Peck              |     6 |     1 |    14 |    22 ||    43
         Kick              |     6 |       |    27 |    24 ||    57
         Short sword       |    12 |       |       |       ||    12
         Whip              |    29 |     5 |    82 |    73 ||   189
   Cast: Foxfire           |    30 |    68 |   124 |   187 ||   409
         Scorch            |       |    12 |    44 |    56 ||   112
         Flame Wave        |       |       |    10 |    30 ||    40
         Volatile Blastmot |       |       |     1 |     1 ||     2
         Inner Flame       |       |       |       |     1 ||     1
    Use: Scroll            |     5 |     3 |     6 |     7 ||    21
         Potion            |     2 |     2 |     3 |     1 ||     8
   Stab: Sleeping          |     1 |       |       |       ||     1
 Armour: Robe              |    25 |     4 |    68 |    19 ||   116
         Skin              |       |    13 |    11 |       ||    24
         Scale mail        |       |       |       |   111 ||   111
  Dodge: Dodged            |    34 |    22 |   131 |   183 ||   370
  Block: Other             |     4 |     4 |    20 |       ||    28
         Reflection        |       |     1 |     2 |    11 ||    14
         Buckler           |       |       |    33 |   146 ||   179

Illustrated notes

Table legend:
 A = Kills in this place as a percentage of kills in the entire game.
 B = Kills by you in this place as a percentage of kills by you in the entire game.
 C = Kills by friends in this place as a percentage of kills by friends in the entire game.
 D = Other kills in this place as a percentage of other kills in the entire game.
 E = Experience gained in this place as a percentage of experience gained in the entire game.
 F = Experience gained in this place divided by the number of levels of this place that you have seen.
                   A       B       C       D       E      F
               +-------+-------+-------+-------+-------+----------------------
         Total | 100.0 | 100.0 |   N/A |   N/A | 100.0 | 1964.9
       Dungeon | 100.0 | 100.0 |   N/A |   N/A | 100.0 | 2116.1
               +-------+-------+-------+-------+-------+----------------------

Table legend: (Time is in decaauts)
 A = Elapsed time spent in this place.
 B = Non-inter-level travel time spent in this place.
 C = Inter-level travel time spent in this place.
 D = Time resting spent in this place.
 E = Time spent auto-exploring this place.
 F = Levels seen in this place.
 G = Mean time per level.
                   A        B        C        D        E       F      G
               +--------+--------+--------+--------+--------+-----+--------+
         Total |  13814 |  13221 |    593 |    712 |  10477 |  14 |  986.7 |
       Dungeon |  13795 |  13203 |    592 |    712 |  10459 |  13 | 1061.2 |
        Temple |     19 |     18 |      1 |      0 |     18 |   1 |   19.0 |
               +--------+--------+--------+--------+--------+-----+--------+

Top non-repeatable levels by time:
    D:10: 1757 daAuts
     D:5: 1510 daAuts
     D:4: 1290 daAuts
     D:9: 1259 daAuts
     D:8: 1158 daAuts
     D:6: 1108 daAuts
     D:7: 977 daAuts
    D:11: 964 daAuts
    D:12: 831 daAuts
     D:2: 817 daAuts
     D:3: 801 daAuts
    D:13: 702 daAuts
     D:1: 613 daAuts
  Temple: 19 daAuts
